 Dungeon Crawl Stone Soup version 0.29-a0-317-gd16b76e6b1 (webtiles) character file.

Game seed: 14286396180869966447

10 Dabor the Vexing (level 2, -5/28 HPs)
             Began as an Ogre Arcane Marksman on Mar 31, 2022.
             Slain by a gnoll
             ... wielding a +0 flail
              (7 damage)
             ... on level 1 of the Dungeon.
             The game lasted 00:00:48 (171 turns).

Dabor the Vexing (Ogre Arcane Marksman)              Turns: 171, Time: 00:00:48

Health: -5/28      AC:  3    Str: 13    XL:     2   Next: 20%
Magic:  3/4        EV:  9    Int: 14    God:
Gold:   36         SH:  0    Dex:  9    Spells: 3/4 levels left

rFire   . . .      SeeInvis .   a - +0 hunting sling
rCold   . . .      Faith    .   (no shield)
rNeg    . . .      Spirit   .   b - +0 robe
rPois   .          Reflect  .   (helmet restricted)
rElec   .          Harm     .   (no cloak)
rCorr   .          Rampage  .   (gloves unavailable)
Will    .....                   (boots unavailable)
Stlth   +.........              (no amulet)
HPRegen 0.09/turn               (no ring)
MPRegen 0.09/turn               (no ring)

@: no status effects
A: large, unfitting armour, tough skin 1
a: no special abilities


You were on level 1 of the Dungeon.
You visited 1 branch of the dungeon, and saw 1 of its levels.

You collected 36 gold pieces.

Inventory:

Hand Weapons
 a - a +0 hunting sling (weapon)
Armour
 b - a +0 robe (worn)
Scrolls
 c - a scroll of vulnerability
 e - a scroll of noise {unknown}
Potions
 d - a potion of might {unknown}


   Skills:
 + Level 1.8 Fighting
 + Level 1.5 Slings
 + Level 1.9 Dodging
 + Level 1.5 Spellcasting
 + Level 2.8 Hexes


You had 3 spell levels left.
You knew the following spells:

 Your Spells              Type           Power      Damage    Failure   Level
a - Slow                  Hex            36%        N/A       8%          1

Your spell library contained the following spells:

 Spells                   Type           Power      Damage    Failure   Level
 Inner Flame              Hex/Fire       5%         N/A       38%         3
 Portal Projectile        Hex/Tloc       10%        N/A       38%         3
 Cause Fear               Hex            4%         N/A       61%         4


Dungeon Overview and Level Annotations

Branches:
Dungeon (1/15)

Altars:

Shops:
D:1 ?


Innate Abilities, Weirdness & Mutations

You are too large for most types of armour.
You have tough skin. (AC +1)


Message History

The gnoll barely misses you.
Aiming: Slow (safe; 8% risk of failure)
Press: ? - help, Q - select action, (/) - cycle Shift-Dir - straight line, f/p - gnoll
Aim: a gnoll, wielding a +0 flail (severely wounded, chance to affect: 55%)
The gnoll seems to slow down.
Fire: a) +0 hunting sling
Press: ? - help, Shift-Dir - straight line, f/p - gnoll
Aim: a gnoll, wielding a +0 flail (severely wounded, slow, 52% to hit)
You shoot a sling bullet. The sling bullet hits the gnoll.
The gnoll is almost dead.
Fire: a) +0 hunting sling
Press: ? - help, Shift-Dir - straight line, f/p - gnoll
Aim: a gnoll, wielding a +0 flail (almost dead, slow, 52% to hit)
You shoot a sling bullet.
The sling bullet barely misses the gnoll.
Fire: a) +0 hunting sling
Press: ? - help, Shift-Dir - straight line, f/p - gnoll
Aim: a gnoll, wielding a +0 flail (almost dead, slow, 52% to hit)
You shoot a sling bullet.
The sling bullet closely misses the gnoll.
Fire: a) +0 hunting sling
Press: ? - help, Shift-Dir - straight line, f/p - gnoll
Aim: a gnoll, wielding a +0 flail (almost dead, slow, 52% to hit)
You shoot a sling bullet.
The sling bullet barely misses the gnoll.
The gnoll hits you with a +0 flail.
* * * LOW HITPOINT WARNING * * *
Fire: a) +0 hunting sling
Press: ? - help, Shift-Dir - straight line, f/p - gnoll
Aim: a gnoll, wielding a +0 flail (almost dead, slow, 52% to hit)
You shoot a sling bullet.
The sling bullet barely misses the gnoll.
The gnoll closely misses you.
Fire: a) +0 hunting sling
Press: ? - help, Shift-Dir - straight line, f/p - gnoll
Aim: a gnoll, wielding a +0 flail (almost dead, slow, 52% to hit)
You shoot a sling bullet.
The sling bullet completely misses the gnoll.
The gnoll hits you with a +0 flail!
You die...

.........#...##
.........#..## #
#.......##..# ).##
##..........#
..###..##[.###.##
...#.....###..#
#.#...####..##
########........g..#
................@..#
####...###.........#
#...### #.........#
#.### #..........#
##.# #..........#
#..# #...##.#####
#.## #...##.# #.#
#....##.. ..#
#..####...


You could see a gnoll (slow).

Vanquished Creatures
  2 ball pythons (D:1)
  2 bats (D:1)
  2 endoplasms (D:1)
  A giant cockroach (D:1)
  A frilled lizard (D:1)
  A rat (D:1)
9 creatures vanquished.

Notes
Turn   | Place    | Note
-------+----------+-------------------------------------------
     0 | D:1      | Dabor the Ogre Arcane Marksman began the quest for the Orb.
     0 | D:1      | Reached XP level 1. HP: 19/19 MP: 2/2
    29 | D:1      | Found Cikauj's Magic Scroll Shoppe.
   105 | D:1      | Reached XP level 2. HP: 28/28 MP: 4/4
   169 | D:1      | HP: 1/28 [gnoll/+0 flail (6)]
   171 | D:1      | Slain by a gnoll

Illustrated notes

Levels and vault maps discovered:
D:1:      doesnt_arrival_eight_statues, layout_rooms, serial_shops, shop,
          shop_fountains, nicolae_shop_waterfront, nicolae_shop_stone

Action                   || total
-------------------------++-------
 Fire: Hunting sling     ||    45
 Cast: Slow              ||     2
Armor: Robe              ||     7
Dodge: Dodged            ||    19

Table legend: (Time is in decaauts)
 A = Elapsed time spent in this place.
 B = Non-inter-level travel time spent in this place.
 C = Inter-level travel time spent in this place.
 D = Time resting spent in this place.
 E = Time spent auto-exploring this place.
 F = Levels seen in this place.
 G = Mean time per level.
                   A        B        C        D        E       F      G
               +--------+--------+--------+--------+--------+-----+--------+
         Total |    189 |    189 |      0 |      0 |     90 |   1 |  189.0 |
       Dungeon |    189 |    189 |      0 |      0 |     90 |   1 |  189.0 |
               +--------+--------+--------+--------+--------+-----+--------+

Top non-repeatable levels by time:
     D:1: 189 daAuts
